 Dungeon Crawl Stone Soup version 0.23.2-40-g277498a (webtiles) character file.

Game seed: 2404374741361837495

838 Aphrodieselac the Infuser (level 7, 0/50 HPs)
             Began as a Merfolk Skald on Oct 11, 2019.
             Was a Follower of Okawaru.
             Killed from afar by Dowan (24 damage)
             ... with a shard of ice
             ... on level 5 of the Dungeon.
             The game lasted 00:21:10 (4986 turns).

Aphrodieselac the Infuser (Merfolk Skald)           Turns: 4986, Time: 00:21:11

Health: 0/50       AC:  4    Str: 22    XL:     7   Next: 99%
Magic:  2/10       EV: 12    Int: 13    God:    Okawaru [*.....]
Gold:   219        SH:  0    Dex: 13    Spells: 2/10 levels left

rFire    . . .     SeeInvis +   s - +0 trident
rCold    x . .     Gourm    .   (no shield)
rNeg     . . .     Faith    .   b - +0 leather armour
rPois    .         Spirit   .   (no helmet)
rElec    .         Reflect  .   (no cloak)
rCorr    .         Harm     .   c - +0 pair of gloves
MR       .....                  (no boots)
Stlth    +.........             a - amulet "Qitamotu" {+Rage rC- Str+5}
HPRegen  0.16/turn              g - ring of see invisible
MPRegen  0.12/turn              j - +4 ring of strength

@: infused, very slightly contaminated
A: change form in water, swift swim, stealthy swim
a: Heroism, Renounce Religion, Evoke Berserk Rage


You were on level 5 of the Dungeon.
You worshipped Okawaru.
Okawaru was aware of your devotion.
You were not hungry.

You visited 2 branches of the dungeon, and saw 6 of its levels.

You collected 219 gold pieces.

Inventory:

Hand Weapons
 n - a +0 blowgun
 s - a +0 trident (weapon)
 v - a +0 hunting sling
Missiles
 l - 10 javelins (quivered)
 o - 6 poisoned needles
 u - 17 sling bullets
Armour
 b - a +0 leather armour (worn)
 c - a +0 pair of gloves (worn)
Jewellery
 a - the amulet "Qitamotu" (around neck) {+Rage rC- Str+5}
   (You found it on level 4 of the Dungeon)

   [amulet of rage]

   It affects your strength (+5).
   It makes you vulnerable to cold.
   It lets you go berserk.
 g - a ring of see invisible (left hand)
 j - a +4 ring of strength (right hand)
Wands
 y - a wand of digging (7)
Scrolls
 e - 2 scrolls of identify
 f - 2 scrolls of teleportation {unknown}
 h - a scroll of blinking {unknown}
 i - a scroll of fog {unknown}
 p - a scroll of amnesia {unknown}
 q - a scroll of random uselessness {unknown}
 r - a scroll of enchant armour {unknown}
 t - a scroll of remove curse {unknown}
 w - a scroll of fear {unknown}
Potions
 k - a potion of heal wounds
 m - 2 potions of magic
 z - 2 potions of ambrosia
 A - 2 potions of brilliance
Comestibles
 d - 6 rations
 x - 3 chunks of flesh


   Skills:
 - Level 2.1 Fighting
 + Level 7.7 Polearms
 - Level 0.6 Armour
 - Level 2.6 Dodging
 - Level 2.0 Spellcasting
 * Level 8.5 Charms


You had 2 spell levels left.
You knew the following spells:

 Your Spells              Type           Power        Failure   Level  Hunger
a - Infusion              Chrm           ###.         1%          1    ##.....
b - Song of Slaying       Chrm           ###.....     1%          2    ###....
c - Shroud of Golubria    Chrm/Tloc      ##........   8%          2    ###....
d - Spectral Weapon       Hex/Chrm       ##......     16%         3    ####...

Your spell library contained the following spells:

 Spells                   Type           Power        Failure   Level  Hunger
 Animate Skeleton         Necr           N/A          28%         1    ##.....
 Apportation              Tloc           #.....       28%         1    ##.....
 Confusing Touch          Hex            #.....       28%         1    ##.....
 Magic Dart               Conj           #...         28%         1    ##.....
 Summon Small Mammal      Summ           #...         28%         1    ##.....
 Searing Ray              Conj           #.....       41%         2    ###....
 Regeneration             Chrm/Necr      ##........   16%         3    ####...
 Dazzling Spray           Conj/Hex       #.....       65%         3    ####...
 Force Lance              Conj/Tloc      #.......     96%         4    #####..
 Fulminant Prism          Conj/Hex       #.........   96%         4    #####..
 Iskenderun's Mystic Bla  Conj           #.......     96%         4    #####..


Dungeon Overview and Level Annotations

Branches:
Dungeon (5/15)             Temple (1/1) D:4

Altars:
Ashenzari
Cheibriados
Elyvilon
Makhleb
Okawaru
Qazlal
Sif Muna
Trog
Uskayaw
Zin
The Shining One

Annotations:
D:5 Dowan, Edmund, Menkaure


Message History

You barely miss Duvessa.
Duvessa is severely wounded.
Dowan gestures wildly while chanting.
Dowan blinks!
Duvessa hits you with a +0 short sword.
You hit Duvessa.
Duvessa is almost dead.
Dowan casts a spell.
Dowan blinks!
Duvessa hits you with a +0 short sword.
You hit Duvessa but do no damage.
Duvessa is almost dead.
Duvessa closely misses you.
You hit Duvessa!
You kill Duvessa!
Okawaru accepts your kill.
You can now gain great but temporary skills.
You hear a distant wail of despair.
Dowan seems to find hidden reserves of power!
Dowan points at you and mumbles some strange words.
The shard of ice hits you!!
You feel a painful chill!
You die...

#.# #.#
#e# #)#
#.# ..#
#.# ...
#.#######
#.#
#..e....#
#.#
#.#####@#
#.# ###
#<# #.# #
#.###.##.#
#........#
#..##.####
#..##.#
#..##.#
#..##.#
#..##.#


You could see Dowan.

Vanquished Creatures
  Duvessa (D:5)
  A phantom (D:4)
  2 ogres (D:4)
  Blork the orc (D:4)
  A scorpion (D:4)
  A bullfrog skeleton (D:4)
  3 hounds
  Natasha (thrice) (D:3)
  3 worker ants
  5 adders
  An adder skeleton (D:4)
  2 dart slugs
  2 leopard geckos (D:4)
  6 orcs
  3 ball pythons
  A giant cockroach (D:1)
  A goblin (D:2)
  5 hobgoblins
  8 jackals
  3 bats
  2 frilled lizards (D:3)
  9 kobolds
  A quokka skeleton (D:4)
  5 rats
70 creatures vanquished.

Notes
Turn   | Place    | Note
-------+----------+-------------------------------------------
     0 | D:1      | Aphrodieselac the Merfolk Skald began the quest for the
                  | Orb.
     0 | D:1      | Reached XP level 1. HP: 16/16 MP: 3/3
   365 | D:1      | Reached XP level 2. HP: 20/22 MP: 5/5
   736 | D:1      | Learned a level 2 spell: Song of Slaying
   739 | D:1      | Learned a level 2 spell: Shroud of Golubria
   787 | D:2      | Reached skill level 4 in Charms
   938 | D:2      | Reached XP level 3. HP: 9/27 MP: 0/6
  1542 | D:3      | Noticed Natasha
  1556 | D:3      | Killed Natasha
  1556 | D:3      | Reached XP level 4. HP: 13/33 MP: 0/7
  1620 | D:3      | Reached skill level 5 in Charms
  1631 | D:3      | Noticed Natasha
  1786 | D:3      | Killed Natasha
  2083 | D:3      | Found a burning altar of Makhleb.
  2147 | D:3      | Reached XP level 5. HP: 35/38 MP: 8/8
  2173 | D:3      | Noticed Natasha
  2249 | D:3      | Killed Natasha
  2249 | D:3      | Reached skill level 5 in Polearms
  2848 | D:4      | Noticed Blork the orc
  2937 | D:4      | Reached skill level 6 in Charms
  2944 | D:4      | Reached XP level 6. HP: 9/44 MP: 0/9
  2953 | D:4      | Learned a level 3 spell: Spectral Weapon
  3640 | D:4      | Killed Blork the orc
  3864 | D:4      | Found a staircase to the Ecumenical Temple.
  3879 | Temple   | Entered the Ecumenical Temple
  3929 | Temple   | Became a worshipper of Warmaster Okawaru
  4096 | D:4      | Noticed a phantom
  4116 | D:4      | Reached skill level 7 in Charms
  4116 | D:4      | Reached XP level 7. HP: 50/50 MP: 10/10
  4614 | D:4      | Found a glowing golden altar of the Shining One.
  4690 | D:4      | Reached skill level 8 in Charms
  4701 | D:4      | Got a vibrating pewter amulet
  4705 | D:4      | Identified the amulet "Qitamotu" {+Rage rC- Str+5} (You
                  | found it on level 4 of the Dungeon)
  4762 | D:5      | Entered Level 5 of the Dungeon
  4793 | D:5      | Noticed Edmund
  4794 | D:5      | Noticed Menkaure
  4929 | D:5      | Noticed Duvessa
  4929 | D:5      | Noticed Dowan
  4978 | D:5      | Killed Duvessa
  4978 | D:5      | Reached * piety under Okawaru
  4986 | D:5      | Killed from afar by Dowan

Skill      XL: |  1  2  3  4  5  6  7 |
---------------+----------------------+-----
Charms         | 4 5 6 7 8 |  8.5
Polearms       | 4 5 6 7 |  7.7
Fighting       | |  2.1
Armour         | |  0.6
Dodging        | |  2.6
Spellcasting   | |  2.0

Action                   |  1- 3 |  4- 6 |  7- 9 || total
-------------------------+-------+-------+-------++-------
Melee: Spear             |   119 |   119 |       ||   238
       Trident           |       |    44 |    72 ||   116
Throw: Javelin           |       |    10 |    17 ||    27
 Cast: Infusion          |     4 |    12 |     6 ||    22
       Shroud of Golubri |     2 |     8 |     2 ||    12
       Song of Slaying   |     2 |     1 |       ||     3
  Use: Scroll            |       |     2 |     3 ||     5
       Potion            |       |     1 |       ||     1
 Stab: Sleeping          |     2 |       |       ||     2
  Eat: Chunk             |     2 |    10 |     3 ||    15
Armor: Leather armour    |    36 |    15 |     8 ||    59
Dodge: Dodged            |    74 |    94 |    30 ||   198
